 Dungeon Crawl Stone Soup version 0.30-a0-802-gb92711bcdf (webtiles) character file.

Game seed: 3476610160231220285

63 Jeffwins the Firebug (level 4, 0/32 HPs)
             Began as a Human Wanderer on Feb 24, 2023.
             Slain by a gnoll
             ... wielding a +0 flail
              (6 damage)
             ... on level 2 of the Dungeon.
             The game lasted 00:02:42 (1755 turns).

Jeffwins the Firebug (Human Wanderer)               Turns: 1755, Time: 00:02:43

Health: 0/32       AC:  4    Str: 11    XL:     4   Next: 30%
Magic:  1/7        EV: 12    Int: 12    God:
Gold:   65         SH:  0    Dex: 16    Spells: 6/7 levels left

rFire   . . .      SeeInvis .    a - +0 dagger
rCold   . . .      Faith    .    (no shield)
rNeg    . . .      Spirit   .    c - +0 leather armour
rPois   .          Reflect  .    (no helmet)
rElec   .          Harm     .    d - +0 cloak
rCorr   .          Rampage  .    (no gloves)
Will    .....                    (no boots)
Stlth   +                        (no amulet)
HPRegen 0.25/turn                (no ring)
MPRegen 0.10/turn                (no ring)

@: no status effects
A: wild magic 1
a: no special abilities


You were on level 2 of the Dungeon.
You visited 1 branch of the dungeon, and saw 2 of its levels.

You collected 65 gold pieces.


Innate Abilities, Weirdness & Mutations

Your spells are a little harder to cast, but a little more powerful.


   Skills:
 - Level 1.0 Fighting
 - Level 2.0 Dodging
 * Level 2.0 Spellcasting
 * Level 1.9 Conjurations
 - Level 2.0 Hexes
 * Level 3.7 Fire Magic
 - Level 1.0 Evocations


You had 6 spell levels left.
You knew the following spells:

 Your Spells              Type           Power      Damage    Failure   Level
z - Foxfire               Conj/Fire      40%        2x1d6     16%         1

Your spell library contained the following spells:

 Spells                   Type           Power      Damage    Failure   Level
 Slow                     Hex            28%        N/A       22%         1
 Freeze                   Ice            4%         1d3       43%         1
 Confusing Touch          Hex            7%         N/A       52%         3
 Kindle Blastsparks       Fire/Tloc/Air  10%        2d10      63%         3
 Hailstorm                Conj/Ice       4%         3d4       67%         3
 Frozen Ramparts          Ice            2%         1d1       78%         3
 Sticky Flame             Conj/Fire      10%        2d3       80%         4

Inventory:

Hand Weapons
 a - a +0 dagger (weapon)
Armour
 c - a +0 leather armour (worn)
 d - a +0 cloak (worn)
 k - a +0 pair of gloves
Scrolls
 b - a scroll of enchant weapon {unknown}
 e - a scroll of fog {unknown}
 h - a scroll of butterflies {unknown}
 j - 2 scrolls of teleportation {unknown}
 l - a scroll of identify {unknown}
Potions
 f - a potion of lignification {unknown}
 g - a potion of attraction {unknown}
 i - a potion of curing {unknown}

Dungeon Overview and Level Annotations

Branches:
Dungeon (2/15)

Altars:

..........###.###
###.....g)# #..#
##...#..†..# #..#
########.[#.#...g.#
##+#
#...........###.#####..
#.......<..##...#.....8
####..........##g#...#
..............##g..###
####..........##@.##
#..........##..#
#...<.........##
#.............#
.....#####...###
..#.........###
.##.......### #.......#
#.......#


You could see a gnoll and a goblin.


Message History

You miscast Foxfire.
Nothing appears to happen.
The foxfire hits the quokka.
The quokka is heavily wounded.
The foxfire hits the quokka.
You kill the quokka!
A giant cockroach comes into view.
Unknown command.
The gnoll attacks as you move away! The gnoll closely misses you.
Casting: Foxfire (safe; 17% risk of failure)
Confirm with . or Enter, or press ? or * to list all spells.
You conjure some foxfire!
The gnoll hits you with a +0 flail!
Unknown command.
Your foxfire dissipates!
The gnoll attacks as you move away! The gnoll hits you with a +0 flail!
* * * LOW HITPOINT WARNING * * *
The foxfire hits the gnoll.
The gnoll is lightly wounded.
Your magical contamination has completely faded away.
Casting: Foxfire (safe; 17% risk of failure)
Confirm with . or Enter, or press ? or * to list all spells.
You conjure some foxfire!
The gnoll misses you.
Unknown command.
The gnoll attacks as you move away! The gnoll completely misses you.
The foxfire hits the goblin.
You kill the goblin!
The foxfire hits the gnoll.
The gnoll is moderately wounded.
The gnoll attacks as you move away! The gnoll hits you with a +0 flail!
* * * LOW HITPOINT WARNING * * *
The gnoll attacks as you move away! The gnoll hits you with a +0 flail.
You die...

Skill      XL: |  1  2  3  4 |
---------------+-------------+-----
Conjurations   | 1 |  1.9
Spellcasting   | 2 |  2.0
Fighting       | |  1.0
Dodging        | |  2.0
Hexes          | |  2.0
Fire Magic     | |  3.7
Evocations     | |  1.0

Action                     |  1- 3 |  4- 6 || total
---------------------------+-------+-------++-------
  Melee: Dagger            |    84 |     2 ||    86
         Punch             |     2 |       ||     2
   Cast: Foxfire           |    50 |    19 ||    69
    Use: Potion            |     1 |       ||     1
 Armour: Leather armour    |    30 |     3 ||    33
  Dodge: Dodged            |    80 |     7 ||    87

Levels and vault maps discovered:
D:1:      beargit_arrival_diablo_church, layout_basic, serial_rivers,
          chequers_serial_rivers_micro_d, chequers_serial_rivers_large_a,
          chequers_serial_rivers_small_3, chequers_serial_rivers_micro_b,
          chequers_serial_rivers_micro_a, st_stairs_1
D:2:      layout_rooms, grunt_ministairs_13, uniq_robin, uniq_terence,
          uniq_jessica

Notes
Turn   | Place    | Note
-------+----------+-------------------------------------------
     0 | D:1      | Jeffwins the Human Wanderer began the quest for the Orb.
     0 | D:1      | Jeffwins set off with the following items: a +0 dagger, a
                  | potion of mutation {!q}, a +0 leather armour, a +0 cloak;
                  | and the following spells available to memorise: Slow,
                  | Foxfire, Confusing Touch, Kindle Blastsparks, Sticky Flame.
     0 | D:1      | Reached XP level 1. HP: 15/15 MP: 2/2
     0 | D:1      | Gained mutation: You are partially covered in iridescent
                  | scales. (AC +2) [potion of mutation]
     0 | D:1      | Lost mutation: You are partially covered in iridescent
                  | scales. (AC +2) [potion of mutation]
     0 | D:1      | Gained mutation: Your spells are a little harder to cast,
                  | but a little more powerful. [potion of mutation]
     3 | D:1      | Learned a level 1 spell: Foxfire
    56 | D:1      | Reached XP level 2. HP: 11/21 MP: 0/3
   115 | D:1      | Reached skill level 1 in Conjurations
   361 | D:1      | Reached XP level 3. HP: 26/26 MP: 0/5
  1261 | D:1      | Reached XP level 4. HP: 23/32 MP: 2/6
  1625 | D:2      | Reached skill level 2 in Spellcasting
  1755 | D:2      | Slain by a gnoll

Vanquished Creatures
  2 dart slugs (D:1)
  3 bats (D:1)
  4 endoplasms
  A giant cockroach (D:1)
  3 hobgoblins
  11 jackals (D:1)
  3 quokkas
  2 ball pythons
  A frilled lizard (D:1)
  10 goblins
  5 kobolds
  4 rats
49 creatures vanquished.

Vanquished Creatures (collateral kills)
  A foxfire (D:1)
1 creature vanquished.

Vanquished Creatures (others)
  122 foxfires
122 creatures vanquished.

Grand Total: 172 creatures vanquished

Table legend: (Time is in decaauts)
 A = Elapsed time spent in this place.
 B = Non-inter-level travel time spent in this place.
 C = Inter-level travel time spent in this place.
 D = Time resting spent in this place.
 E = Time spent auto-exploring this place.
 F = Levels seen in this place.
 G = Mean time per level.
                   A        B        C        D        E       F      G
               +--------+--------+--------+--------+--------+-----+--------+
         Total |   1765 |   1752 |     13 |     46 |   1383 |   2 |  882.5 |
       Dungeon |   1765 |   1752 |     13 |     46 |   1383 |   2 |  882.5 |
               +--------+--------+--------+--------+--------+-----+--------+

Top non-repeatable levels by time:
     D:1: 1542 daAuts
     D:2: 222 daAuts

Table legend:
 A = Non-vault XP
 B = Vault XP
 C = Vault XP percentage of total XP
 D = Non-vault monster count
 E = Vault monster count
 F = Vault count percentage of total count
                 A         B        C        D         E       F
            +---------+---------+-------+---------+---------+-------
      Total |      77 |      13 |  14.4 |      42 |       7 |  14.3
            +---------+---------+-------+---------+---------+-------
        D:1 |      67 |       4 |   5.6 |      36 |       2 |   5.3
        D:2 |      10 |       9 |  47.4 |       6 |       5 |  45.5
            +---------+---------+-------+---------+---------+-------
